 Dungeon Crawl Stone Soup version 0.23.2-40-g277498a001 (webtiles) character file.

Game seed: 9040552396609385621

1400 Curus the Spear-Bearer (level 8, -11/63 (64) HPs)
             Began as a Minotaur Berserker on Oct 20, 2019.
             Was a Priest of Trog.
             Killed from afar by an electric eel (12 damage)
             ... with a bolt of electricity
             ... on level 7 of the Dungeon.
             The game lasted 00:20:47 (5026 turns).

Curus the Spear-Bearer (Minotaur Berserker)         Turns: 5026, Time: 00:20:48

HP:   -11/63 (64)   AC:  7    Str: 21    XL:     8   Next: 41%
MP:   7/7           EV:  6    Int:  6    God:    Trog [***...]
Gold: 539           SH:  0    Dex:  9    Spells: 7/7 levels left

rFire    + + .     SeeInvis .   r - +2 trident
rCold    . . .     Gourm    .   (no shield)
rNeg     . . .     Faith    .   t - +0 plate armour
rPois    +         Spirit   .   (helmet restricted)
rElec    .         Reflect  .   (no cloak)
rCorr    .         Harm     .   (no gloves)
MR       ++...     Rnd*Rage +   (no boots)
Stlth    ..........             (no amulet)
HPRegen  1.00/turn              g - ring of poison resistance
MPRegen  0.10/turn              j - ring of protection from fire

@: corroded, regenerating
A: retaliatory headbutt, horns 2, berserk 1, clumsy 1, fire resistance 1,
inhibited regeneration
a: Berserk, Trog's Hand, Renounce Religion


You were on level 7 of the Dungeon.
You worshipped Trog.
Trog was most pleased with you.
You were hungry.

You visited 1 branch of the dungeon, and saw 7 of its levels.

You collected 539 gold pieces.

Inventory:

Hand Weapons
 a - a +1 spear
 r - a +2 trident (weapon)
Armour
 b - a +0 animal skin
 d - a +0 ring mail
 p - the +1 chain mail of Inviolability {MR++ Int+8}
   (You found it on level 5 of the Dungeon)

   It affects your intelligence (+8).
   It affects your resistance to hostile enchantments.
 t - a +0 plate armour (worn)
Jewellery
 g - a ring of poison resistance (left hand)
 j - a ring of protection from fire (right hand)
 k - an uncursed ring of positive energy
Wands
 h - a wand of iceblast (2)
 m - a wand of disintegration (14)
 s - a wand of digging (6)
Scrolls
 f - 9 scrolls of identify
 n - 2 scrolls of teleportation
Potions
 e - 4 potions of curing
 i - a potion of magic
 q - 2 potions of heal wounds
Comestibles
 c - 9 rations


   Skills:
 - Level 3.6 Fighting
 + Level 12.5 Polearms
 - Level 2.4 Armour
 - Level 2.1 Dodging


You had 7 spell levels left.
You didn't know any spells.
Your spell library was empty.

Dungeon Overview and Level Annotations

Branches:
Dungeon (7/15)             Temple (0/1) D:6

Altars:
Ashenzari
Dithmenos
Nemelex Xobeh
Sif Muna
Trog
Vehumet
Zin


Innate Abilities, Weirdness & Mutations

You reflexively headbutt those who attack you in melee.
You have a pair of horns on your head.
You tend to lose your temper in combat.
You are clumsy. (Dex -2)
Your flesh is heat resistant. (rF+)
You do not regenerate when monsters are visible.


Message History

The electric eel is moderately wounded.
Attack whom?
Press: ? - help, Dir - move target cursor, f/p - electric eel
Aim: an electric eel (moderately wounded)
You reach to attack!
You hit the electric eel but do no damage.
The electric eel is moderately wounded.
The electric eel shoots out a bolt of lightning at you!
The bolt of electricity hits you!
* * * LOW HITPOINT WARNING * * *
Your skin crawls.
You feel resistant to hostile enchantments.
You are feeling hungry.
You miss the electric eel.
The electric eel is moderately wounded.
The electric eel shoots out a bolt of lightning at you!
The bolt of electricity hits you.
* * * LOW HITPOINT WARNING * * *
The bolt of electricity hits you!
You die...

#≈≈....#..##....
##≈....'...##...
#≈≈...'....##.#
##≈....'....##.. ≈
##≈≈....######... .≈≈
##≈≈..(.8# ####
..≈≈###≈≈.....####### #.
...≈≈≈;≈.....###:...###.
.....≈.@....##......'[..
...........##.......###+
#.........##....##+##
##8.....8##.....##.##..
###+++###....<(.......
#....[)##.#... #.......#
.. ......###)# .(.
#.#####...# ..


You could see an electric eel.

Vanquished Creatures
  3 sky beasts
  A black bear (D:6)
  An orc warrior (D:6)
  A necrophage (D:5)
  An ogre (D:4)
  A water moccasin zombie (D:5)
  A bullfrog zombie (D:2)
  A crimson imp (D:5)
  A hound (D:6)
  3 orc priests
  2 bullfrog skeletons
  A jelly (D:7)
  Natasha (twice) (D:3)
  3 orc wizards
  5 worker ants
  A hound zombie (D:7)
  2 worker ant zombies
  5 adders
  A shadow imp (D:5)
  An adder skeleton (D:2)
  An adder zombie (D:7)
  2 worms (D:2)
  A dart slug (D:4)
  3 leopard geckos
  22 orcs
  4 bats (D:1)
  4 giant cockroaches
  7 goblins
  5 hobgoblins
  2 jackals (D:7)
  6 kobolds
  A quokka (D:3)
  A ball python skeleton (D:4)
  8 frilled lizards
  5 rats
109 creatures vanquished.

Notes
Turn   | Place    | Note
-------+----------+-------------------------------------------
     0 | D:1      | Curus the Minotaur Berserker began the quest for the Orb.
     0 | D:1      | Reached XP level 1. HP: 19/19 MP: 0/0
     3 | D:1      | Noticed an electric eel
     3 | D:1      | Noticed an electric eel
    72 | D:1      | Reached skill level 4 in Polearms
    87 | D:1      | Reached XP level 2. HP: 26/26 MP: 1/1
   566 | D:2      | Reached ** piety under Trog
   567 | D:2      | Reached skill level 5 in Polearms
   567 | D:2      | Reached XP level 3. HP: 27/31 MP: 2/2
   889 | D:2      | Reached skill level 6 in Polearms
   889 | D:2      | Reached XP level 4. HP: 29/39 MP: 3/3
  1470 | D:3      | Found a radiant altar of Vehumet.
  1598 | D:3      | Found a sparkling altar of Nemelex Xobeh.
  1599 | D:3      | Found a glowing silver altar of Zin.
  1600 | D:3      | Noticed Natasha
  1602 | D:3      | Found a bloodstained altar of Trog.
  1602 | D:3      | Found a shadowy altar of Dithmenos.
  1605 | D:3      | Killed Natasha
  1605 | D:3      | Reached skill level 7 in Polearms
  1605 | D:3      | Reached XP level 5. HP: 34/45 MP: 4/4
  2080 | D:4      | Noticed an ogre
  2087 | D:4      | Killed an ogre
  2087 | D:4      | Reached skill level 8 in Polearms
  2087 | D:4      | Reached XP level 6. HP: 9/51 MP: 5/5
  2484 | D:3      | Noticed Natasha
  2489 | D:3      | Killed Natasha
  2827 | D:4      | Found a deep blue altar of Sif Muna.
  2902 | D:5      | Entered Level 5 of the Dungeon
  2918 | D:5      | Reached skill level 9 in Polearms
  2925 | D:5      | Got a heavily runed chain mail
  2936 | D:5      | Identified the cursed +1 chain mail of Inviolability {MR++
                  | Int+8} (You found it on level 5 of the Dungeon)
  2976 | D:5      | Reached *** piety under Trog
  3125 | D:5      | Reached XP level 7. HP: 48/57 MP: 6/6
  3554 | D:5      | Reached skill level 10 in Polearms
  3571 | D:5      | Gained mutation: You tend to lose your temper in combat.
                  | [potion of mutation]
  3571 | D:5      | Gained mutation: You do not regenerate when monsters are
                  | visible. [potion of mutation]
  3571 | D:5      | Gained mutation: You are clumsy. (Dex -2) [potion of
                  | mutation]
  3571 | D:5      | Gained mutation: Your flesh is heat resistant. (rF+)
                  | [potion of mutation]
  4070 | D:5      | Reached skill level 11 in Polearms
  4225 | D:6      | Reached XP level 8. HP: 56/63 MP: 7/7
  4533 | D:6      | Found a staircase to the Ecumenical Temple.
  4679 | D:6      | Reached skill level 12 in Polearms
  4826 | D:7      | Found a shattered altar of Ashenzari.
  5026 | D:7      | HP: 1/63 [electric eel/bolt of electricity (5)]
  5026 | D:7      | Killed from afar by an electric eel

Skill      XL: |  1  2  3  4  5  6  7  8 |
---------------+-------------------------+-----
Polearms       | 4 5 6 7 8 9 11 12 | 12.5
Fighting       | |  3.6
Armour         | |  2.4
Dodging        | |  2.1

Action                   |  1- 3 |  4- 6 |  7- 9 || total
-------------------------+-------+-------+-------++-------
Melee: Spear             |   102 |   193 |    60 ||   355
       Headbutt          |     7 |    34 |    15 ||    56
       Trident           |       |       |    96 ||    96
Invok: Berserk           |       |     2 |       ||     2
       Trog's Hand       |       |       |     1 ||     1
  Use: Potion            |     5 |     4 |     2 ||    11
       Scroll            |     3 |     4 |     5 ||    12
  Eat: Chunk             |       |     5 |     3 ||     8
       Ration            |       |     1 |     1 ||     2
Armor: Animal skin       |     3 |       |       ||     3
       Ring mail         |    19 |    16 |       ||    35
       Chain mail        |       |    15 |    35 ||    50
       Plate armour      |       |       |    30 ||    30
Dodge: Dodged            |    37 |    54 |    33 ||   124
